 Dungeon Crawl Stone Soup version 0.30-a0-135-g630cfc4551 (webtiles) character file.

Game seed: 299383045091628840

46901 NinjaNoafa the Thaumaturge (level 14, -1/112 (123) HPs)
             Began as a Djinni Fire Elementalist on Sept 20, 2022.
             Was a High Priest of Ashenzari.
             Killed from afar by an orc sorcerer (20 damage)
             ... with a bolt of negative energy
             ... on level 2 of the Orcish Mines.
             The game lasted 01:01:52 (19996 turns).

NinjaNoafa the Thaumaturge (DjFE)                  Turns: 19996, Time: 01:01:52

HP:   -1/112 (123)  AC: 16    Str:  7      XL:     14   Next: 78%
Gold: 1139          EV: 20    Int: 17 (19) God:    Ashenzari [*****.] SH: 14 Dex: 23

rFire   + + .      SeeInvis +    r - staff of fire (curse) {Evo, Self}
rCold   x . .      Faith    .    u - +0 kite shield of the Cryptic Chagrin {Fort, Melee} (curse)
rNeg    . . .      Spirit   .    w - +3 leather armour of the Fated Ordeal {Self, Cun} (curse)
rPois   ∞          Reflect  .    h - +2 hat of Supernal Understanding {Melee, Self} (curse)
rElec   .          Harm     .    v - +2 cloak of Desmomancy {Self, Cun} (curse)
rCorr   .          Rampage  .    (no gloves)
Will    +....      Clarity  +    (boots unavailable)
Stlth   ++++......               j - amulet of Ashenzari's Malaise {Regen+, Cun, Fort} (curse)
HPRegen 1.08/turn                A - ring of the Unmoving One {Ice Dex+8, Fort, Self} (curse)
MPRegen 0.00/turn                o - ring "Lashed Oracle" {AC+4, Self, Fort} (curse)

@: mighty, flying, drained
A: sickness immunity, fire resistance 2, cold vulnerability 2, float, innate
caster, HP casting, extra vitality 1, dopey 1, inability to read after injury 1
a: Renounce Religion, Shatter the Chains


You were on level 2 of the Orcish Mines.
You worshipped Ashenzari.
Ashenzari was extremely pleased with you.
You visited 4 branches of the dungeon, and saw 21 of its levels.

You collected 1414 gold pieces.
You spent 275 gold pieces at shops.

Inventory:

Missiles
 c - 2 throwing nets
 f - 168 stones
 g - a curare-tipped dart
 k - 36 poisoned darts
 t - 3 silver javelins
 x - 22 boomerangs
 J - 5 javelins
 M - a silver boomerang
 Q - 2 atropa-tipped darts
Armour
 h - the cursed +2 hat of Supernal Understanding (worn) {Melee, Self}
   (You found it on level 1 of the Dungeon)

   It has a curse which improves the following skills: Melee Combat: Short
   Blades, Long Blades, Axes, Maces & Flails, Polearms, Staves and Unarmed
   Combat.
   Introspection: Fighting and Spellcasting.
 u - the cursed +0 kite shield of the Cryptic Chagrin (worn) {Fort, Melee}
   (You found it on level 8 of the Dungeon)

   It has a curse which improves the following skills: Fortitude: Armour and
   Shields.
   Melee Combat: Short Blades, Long Blades, Axes, Maces & Flails, Polearms,
   Staves and Unarmed Combat.
 v - the cursed +2 cloak of Desmomancy (worn) {Self, Cun}
   (You took it off Crazy Yiuf on level 3 of the Dungeon)

   It has a curse which improves the following skills: Introspection: Fighting
   and Spellcasting.
   Cunning:   Dodging and Stealth.
 w - the cursed +3 leather armour of the Fated Ordeal (worn) {Self, Cun}
   (You took it off an orc on level 6 of the Dungeon)

   It has a curse which improves the following skills: Introspection: Fighting
   and Spellcasting.
   Cunning:   Dodging and Stealth.
Magical Staves
 r - a cursed staff of fire (weapon) {Evo, Self}
Jewellery
 j - the cursed amulet of Ashenzari's Malaise (around neck) {Regen+, Cun, Fort}
   (You found it on level 8 of the Dungeon)

   [amulet of regeneration]

   Regen:     It increases your rate of health regeneration.
   It has a curse which improves the following skills: Cunning: Dodging and
   Stealth.
   Fortitude: Armour and Shields.
 o - the cursed ring "Lashed Oracle" (right hand) {AC+4, Self, Fort}
   (You found it on level 3 of the Dungeon)

   [ring of protection]

   AC:        It affects your AC (+4).
   It has a curse which improves the following skills: Introspection: Fighting
   and Spellcasting.
   Fortitude: Armour and Shields.
 A - the cursed ring of the Unmoving One (left hand) {Ice Dex+8, Fort, Self}
   (You found it on level 11 of the Dungeon)

   [ring of ice]

   It enhances your ice magic.
   Dex:       It affects your dexterity (+8).
   rF:        It makes you vulnerable to fire.
   rC:        It protects you from cold.
   It has a curse which improves the following skills: Fortitude: Armour and
   Shields.
   Introspection: Fighting and Spellcasting.
Wands
 e - a wand of roots (3)
 s - a wand of flame (11)
 y - a wand of charming (21)
 N - a wand of digging (5)
Scrolls
 a - a scroll of fear
 b - 2 scrolls of blinking
 d - 2 scrolls of vulnerability
 i - 2 scrolls of immolation
 l - 4 scrolls of magic mapping
 m - a scroll of poison
 D - a scroll of torment
 H - 4 scrolls of teleportation
 L - a scroll of enchant armour
 P - 3 scrolls of enchant weapon
Potions
 q - 6 potions of curing
 z - 2 potions of cancellation
 E - 2 potions of ambrosia
 F - a potion of lignification
 G - a potion of attraction
Miscellaneous
 B - a lightning rod (4/4)


   Skills:
 - Level 12.1(19.4) Fighting
 - Level 5.1(8.5) Staves
 + Level 4.4(9.3) Armour
 + Level 7.8(12.3) Dodging
 + Level 3.8(7.8) Stealth
 + Level 6.0(11.3) Shields
 * Level 14.1(21.3) Spellcasting
 + Level 4.5(6.7) Evocations


You had 24 spell levels left.
You knew the following spells:

 Your Spells              Type           Power      Damage    Failure   Level
a - Foxfire               Conj/Fire      100%       2x1d9     0%          1
b - Scorch                Fire           100%       2d10      0%          2
c - Kindle Blastsparks    Fire/Tloc/Air  100%       2d18      0%          3
d - Inner Flame           Hex/Fire       94%        N/A       0%          3
e - Flame Wave            Conj/Fire      94%        2d20      0%          4
f - Slow                  Hex            100%       N/A       0%          1
g - Call Imp              Summ           74%        N/A       0%          2
h - Ignite Poison         Fire/Tmut/Pois 94%        N/A       0%          3
i - Tukima's Dance        Hex            74%        N/A       0%          3
j - Summon Ice Beast      Ice/Summ       94%        N/A       0%          4
k - Lightning Bolt        Conj/Air       37%        1d55      1%          5
Your spell library was empty.

Dungeon Overview and Level Annotations

Branches:
Dungeon (13/15)            Temple (1/1) D:5            Lair (5/5) D:8
 Shoals (0/4) Lair:2        Snake (0/4) Lair:3          Orc (2/2) D:9
    Elf (0/3) Orc:2
  Slime: Lair:4-5    Vaults: D:13-14

Altars:
Ashenzari
Cheibriados
Dithmenos
Elyvilon
Fedhas
Gozag
Hepliaklqana
Makhleb
Nemelex Xobeh
Okawaru
Qazlal
Ru
Trog
Uskayaw
Wu Jian
Xom
Yredelemnul
Zin
The Shining One

Shops:
D:2 !   D:7 *   Orc:1 (   Orc:2 [(


Innate Abilities, Weirdness & Mutations

You are immune to sickness and miasma.
You are immune to poison.
Your flesh is very heat resistant. (rF++)
You are very vulnerable to cold. (rC--)
You float through the air rather than walking.
You learn spells naturally, not from books.
Your magical power is your life essence.
You have superior vitality. (+4 MHP)
You are dopey. (Int -2)
You occasionally lose the ability to read scrolls when taking damage.


Message History

The flame wave engulfs the orc high priest!!
The orc high priest is heavily wounded.
The flame wave engulfs the orc sorcerer but does no damage.
The flame wave engulfs the troll!
The troll is heavily wounded.
The orc sorcerer no longer looks unusually strong.
The orc sorcerer's eyes start to glow.
The orc warlord hits you with a +3 antimagic great sword!!
You feel better. The troll bites you but does no damage.
The troll closely misses you. You block the troll's attack.
The orc warlord roars a battlecry!
The orc sorcerer goes into a battle-frenzy!
You block the ogre's attack.
The orc high priest hits you with a +3 short sword.
As you read the scroll of fear, it crumbles to dust.
You assume a fearsome visage.
The orc looks frightened!
The orc sorcerer resists with some effort.
The orc high priest looks frightened!
The orc warlord looks frightened!
The ogre looks frightened!
The orc looks frightened!
The orc warrior looks frightened!
The orc looks frightened! x3
The orc sorcerer looks frightened!
The troll looks frightened!
The orc sorcerer attacks as you move away!
You block the orc sorcerer's attack.
The orc high priest cowers, then darts away.
The orc sorcerer gestures wildly while chanting.
There are monsters nearby!
The orc sorcerer gestures at you while chanting.
The bolt of negative energy hits you!!!
You feel drained.
* * * LOW HITPOINT WARNING * * *
You block the orange demon's attack. x2
Things that are here:
a +1 short sword of speed; an orc corpse The orc no longer looks unusually strong.
An orc priest comes into view. It is wielding a +0 club.
The orc mumbles, "Of all the rotten luck!"
The orc sorcerer gestures wildly while chanting.
You block the orange demon's attack.
The orc sorcerer gestures at you while chanting.
The bolt of negative energy hits you!!
You feel drained.
You die...

..#.#.,{, ,∩*, * , * , #.#.#{.{
8,#.#####..... * , '.#.#_. *
##..#o#.#.#.# * * , , #...#.. *,
,'..........##, ,,, #...#...',
#...........# *,,, *
....##..#...#..#....o... ,{,
....#########..........#####
.>........^...........##...##....
.....##......4).@.....#.....#T...
.............4.)).....#..8..#....
#............)o)...[#.'.....#....
##........)..)...).[..##...##....
.##.#...#)..)....)[o...#####.....
..####.##.)..o..=.[T....4.o......
.. *####..O8.8...#.o....o3O......
..,* ##o..).[..o....o..o........
.,, #...##)')##.................


You could see an orc warlord (fleeing), an orc high priest (strong, fleeing), 2
orange demons, a troll (fleeing), 2 orc sorcerers, an orc warrior (strong,
fleeing), an ogre (fleeing) and 3 orcs.

Vanquished Creatures
  The ghost of pigah the Stormcaller, a journeyman OpAE of Gozag (D:11)
  A minotaur (D:11)
  Fannar (D:10)
  A hydra (Lair:5)
  2 boulder beetles
  Erica (D:8)
  2 two-headed ogres
  2 orc high priests
  A deep elf pyromancer (D:12)
  2 cyclopes
  A manticore (D:11)
  4 black mambas
  5 cane toads
  A gargoyle (D:12)
  6 komodo dragons
  2 unseen horrors (D:11)
  3 rime drakes
  2 merfolk (Lair:2)
  A polar bear (Lair:1)
  6 trolls
  A hornet (D:9)
  4 blink frogs (Lair:3)
  9 dream sheep
  Sigmund (D:5)
  3 wraiths
  A vampire (D:10)
  A shadow (D:12)
  4 wyverns
  22 yaks
  The ghost of logorrheac the Ducker, an amateur GnWn (D:4)
  3 wargs
  7 water moccasins
  27 orc warriors
  3 ice beasts (D:7)
  A sky beast (D:8)
  2 black bears
  6 ogres
  20 wolves
  5 centaurs
  5 kobold brigands
  7 bullfrogs
  3 scorpions
  4 necrophages
  A water moccasin zombie (D:6)
  10 wights
  A killer bee (D:7)
  4 electric eels
  6 howler monkeys
  2 centaur zombies (D:6)
  4 hounds
  A jelly (D:6)
  4 gnoll boudas
  Crazy Yiuf (D:3)
  10 orc priests
  A human zombie (D:6)
  Terence (D:3)
  4 iguanas
  20 orc wizards
  2 killer bee zombies (D:6)
  2 mummies (D:6)
  7 adders
  8 gnolls
  A shadow imp (D:7)
  3 white imps
  2 ufetubi
  2 worms
  5 dart slugs
  61 orcs
  8 bats
  10 endoplasms
  4 giant cockroaches
  12 goblins
  4 hobgoblins
  32 kobolds
  4 quokkas
  5 ball pythons
  4 frilled lizards
  3 rats
434 creatures vanquished.

Vanquished Creatures (collateral kills)
  A cyclops (D:11)
  3 komodo dragons
  A polar bear (Lair:4)
  A blink frog (Lair:3)
  A wraith (D:13)
  A basilisk (Lair:2)
  5 yaks
  2 wyverns
  A steam dragon (D:7)
  A warg (D:8)
  2 water moccasins (Lair:2)
  4 orc warriors
  A bullfrog (D:8)
  2 killer bees (D:7)
  A lava snake (Lair:4)
  A jelly (D:7)
  4 orc wizards
  3 gnolls (D:8)
  An adder (D:3)
  3 orcs
  A kobold (D:7)
  A quokka (D:3)
  A bat (D:3)
42 creatures vanquished.

Vanquished Creatures (others)
  A dancing weapon (D:11)
  2 killer bees (D:7)
  A lava snake (Lair:4)
  783 foxfires
  11 fungi
  2 plants
800 creatures vanquished.

Grand Total: 1276 creatures vanquished

Notes
Turn   | Place    | Note
-------+----------+-------------------------------------------
     0 | D:1      | NinjaNoafa the Djinni Fire Elementalist began the quest for
                  | the Orb.
     0 | D:1      | NinjaNoafa set off with the following spells memorised:
                  | Foxfire, Scorch, Kindle Blastsparks, Inner Flame, Flame
                  | Wave.
     0 | D:1      | Reached XP level 1. HP: 15/15 MP: 0/0
   252 | D:1      | Reached XP level 2. HP: 18/22 MP: 0/0
   599 | D:1      | Reached skill level 1 in Fighting
   911 | D:1      | Reached XP level 3. HP: 25/27 MP: 0/0
   911 | D:1      | Learned a level 1 spell: Slow
   991 | D:1      | Reached skill level 3 in Spellcasting
  1458 | D:2      | Found a white marble altar of Elyvilon.
  1500 | D:2      | Reached XP level 4. HP: 23/33 MP: 0/0
  1898 | D:2      | Found a faded altar of an unknown god.
  2402 | D:2      | Reached XP level 5. HP: 37/39 MP: 0/0
  2402 | D:2      | Learned a level 2 spell: Call Imp
  2487 | D:2      | Found Umacsol's Distillery.
  2710 | D:3      | Noticed Terence
  2738 | D:3      | Killed Terence
  3341 | D:3      | Reached skill level 4 in Spellcasting
  3341 | D:3      | Reached XP level 6. HP: 39/46 MP: 0/0
  3799 | D:3      | Found a runed translucent door.
  3800 | D:3      | Noticed Crazy Yiuf
  3812 | D:3      | Killed Crazy Yiuf
  4312 | D:4      | Found a glowing silver altar of Zin.
  4361 | D:4      | Reached skill level 5 in Spellcasting
  4361 | D:4      | Reached XP level 7. HP: 22/50 MP: 0/0
  4361 | D:4      | Learned a level 3 spell: Ignite Poison
  4594 | D:4      | Found a runed translucent gate.
  4595 | D:4      | Found a runed translucent gate.
  4595 | D:4      | Noticed logorrheac's ghost (amateur GnWn)
  4596 | D:4      | Found a runed translucent gate.
  5070 | D:4      | Reached skill level 8 in Spellcasting
  5070 | D:4      | Reached XP level 8. HP: 46/64 MP: 0/0
  5096 | D:4      | Killed logorrheac's ghost
  5097 | D:4      | Reached skill level 9 in Spellcasting
  5504 | D:5      | Entered Level 5 of the Dungeon
  5997 | D:5      | Found a sparkling altar of Nemelex Xobeh.
  6249 | D:5      | Noticed Sigmund
  6254 | D:5      | Gained mutation: You have hidden genetic potential. [potion
                  | of mutation]
  6254 | D:5      | Gained mutation: You are resistant to electric shocks.
                  | (rElec) [potion of mutation]
  6331 | D:5      | Reached XP level 9. HP: 26/68 MP: 0/0
  6331 | D:5      | Learned a level 3 spell: Tukima's Dance
  6485 | D:5      | Killed Sigmund
  6572 | D:5      | Found a burning altar of Makhleb.
  6821 | D:5      | Found a staircase to the Ecumenical Temple.
  6826 | Temple   | Entered the Ecumenical Temple
  6978 | Temple   | Became a worshipper of Ashenzari the Shackled
  7111 | D:6      | Gained mutation: You are covered in fur. (AC +1) [hidden
                  | potential]
  7562 | D:6      | Found a blossoming altar of Fedhas.
  7577 | D:6      | Reached skill level 10 in Spellcasting
  8324 | D:6      | Reached XP level 10. HP: 65/75 MP: 0/0
  8429 | D:6      | Reached skill level 1 in Staves
  8429 | D:6      | Reached skill level 1 in Evocations
  8908 | D:7      | Found Saptoxi's Assorted Antiques.
  8917 | D:7      | Bought a small lapis lazuli amulet for 155 gold pieces
  8928 | D:7      | Bought a scroll of identify for 62 gold pieces
  8941 | D:7      | Found a basalt altar of Yredelemnul.
  8979 | D:7      | Reached XP level 11. HP: 39/82 MP: 0/0
  8979 | D:7      | Learned a level 4 spell: Summon Ice Beast
  8980 | D:7      | Reached skill level 12 in Spellcasting
  8980 | D:7      | Reached XP level 12. HP: 44/91 MP: 0/0
  9046 | D:7      | Gained mutation: Your muscles are strong. (Str +4, Int/Dex
                  | -1) [hidden potential]
  9046 | D:7      | Lost mutation: You have hidden genetic potential. [hidden
                  | potential expressed]
  9450 | D:7      | Identified the +10 trident of Senoisin {elec, rN+ Dex+3}
  9795 | D:7      | Found a snail-covered altar of Cheibriados.
 10535 | D:8      | Found a staircase to the Lair.
 10691 | D:8      | Noticed a two-headed ogre
 10699 | D:8      | Killed a two-headed ogre
 11099 | D:8      | Noticed Erica
 11119 | D:8      | Killed Erica
 11688 | D:8      | Found an ornate altar of the Wu Jian Council.
 12347 | D:9      | Reached * piety under Ashenzari
 12446 | D:9      | Found a shadowy altar of Dithmenos.
 12490 | D:9      | Found a staircase to the Orcish Mines.
 12501 | D:9      | Reached skill level 10 in Fighting
 12504 | D:9      | Reached skill level 5 in Shields
 12547 | D:9      | Reached skill level 1 in Armour
 12736 | D:9      | Reached skill level 5 in Staves
 12938 | D:9      | Found a sacrificial altar of Ru.
 13002 | D:10     | Entered Level 10 of the Dungeon
 13156 | D:10     | Found an opulent altar of Gozag.
 13304 | D:10     | Noticed Fannar
 13321 | D:10     | Killed Fannar
 13322 | D:10     | Reached XP level 13. HP: 37/99 MP: 0/0
 13322 | D:10     | Learned a level 5 spell: Lightning Bolt
 13463 | D:10     | Reached ** piety under Ashenzari
 13543 | D:10     | Found a stormy altar of Qazlal.
 14059 | D:7      | Bought a scroll labelled TORHAPPUING for 31 gold pieces
 14059 | D:7      | Bought a murky dark potion for 27 gold pieces
 14128 | D:11     | Reached *** piety under Ashenzari
 14589 | D:11     | Noticed a minotaur
 14589 | D:11     | Identified the ring "Bejuss" {Ice Dex+8}
 14591 | D:11     | Noticed pigah's ghost (journeyman OpAE)
 14642 | D:11     | Found a runed translucent gate.
 14642 | D:11     | Found a runed translucent gate.
 14642 | D:11     | Found a runed translucent gate.
 15539 | D:12     | Identified the +4 ring mail of Leapfrog {Rampage rCorr
                  | Str+2 Dex+4}
 16008 | Lair:1   | Entered Level 1 of the Lair of Beasts
 16504 | Lair:1   | Reached **** piety under Ashenzari
 16946 | D:11     | Lost mutation: You are covered in fur. (AC +1) [potion of
                  | mutation]
 16946 | D:11     | Lost mutation: Your muscles are strong. (Str +4, Int/Dex
                  | -1) [potion of mutation]
 16946 | D:11     | Lost mutation: You are resistant to electric shocks.
                  | (rElec) [potion of mutation]
 16946 | D:11     | Gained mutation: You have hidden genetic potential. [potion
                  | of mutation]
 16946 | D:11     | Gained mutation: You occasionally lose the ability to drink
                  | potions when taking damage. [potion of mutation]
 16947 | D:11     | Lost mutation: You have hidden genetic potential. [potion
                  | of mutation]
 16947 | D:11     | Lost mutation: You occasionally lose the ability to drink
                  | potions when taking damage. [potion of mutation]
 16947 | D:11     | Gained mutation: You are very vulnerable to cold. (rC--)
                  | [potion of mutation]
 16947 | D:11     | Gained mutation: You are dopey. (Int -2) [potion of
                  | mutation]
 16947 | D:11     | Gained mutation: You occasionally lose the ability to read
                  | scrolls when taking damage. [potion of mutation]
 16959 | D:11     | Killed pigah's ghost
 16977 | D:11     | Reached skill level 13 in Spellcasting
 16977 | D:11     | Killed a minotaur
 17371 | Lair:2   | Reached XP level 14. HP: 106/115 MP: 0/0
 17536 | Lair:2   | Found a staircase to the Shoals.
 17962 | Lair:3   | Found a staircase to the Snake Pit.
 18273 | Lair:3   | Reached ***** piety under Ashenzari
 19063 | Lair:5   | Entered Level 5 of the Lair of Beasts
 19082 | Lair:5   | Reached skill level 14 in Spellcasting
 19097 | Lair:4   | HP: 5/121 [komodo dragon (12)]
 19337 | Orc:1    | Entered Level 1 of the Orcish Mines
 19393 | Orc:1    | Identified the cursed +2 cloak of Desmomancy {Self, Cun}
                  | (You took it off Crazy Yiuf on level 3 of the Dungeon)
 19393 | Orc:1    | Identified the cursed +2 hat of Supernal Understanding
                  | {Melee, Self} (You found it on level 1 of the Dungeon)
 19603 | Orc:1    | Found Yleheucs's Antique Weapon Boutique.
 19703 | Orc:2    | Entered Level 2 of the Orcish Mines
 19794 | Orc:2    | Noticed an orc warlord
 19825 | Orc:2    | Found Boacoca's Antique Weapon Emporium.
 19829 | Orc:2    | Found Notheb's Antique Armour Shoppe.
 19833 | Orc:2    | Found a staircase to the Elven Halls.
 19996 | Orc:2    | Killed from afar by an orc sorcerer

Illustrated notes

Levels and vault maps discovered:
D:1:      amcnicky_arrival_gap_in_the_tavern_cellar, layout_loops_ring,
          minmay_domino_2
D:2:      layout_rooms, serial_shops, nicolae_lakefront_shop, basic_altar,
          hellmonk_ecumenical_altar_heavens_door, minmay_divided_ellipse
D:3:      layout_basic, lemuel_blue_sif_altar, minmay_circle_x,
          uniq_crazy_yiuf_cottage, uniq_terence
D:4:      layout_loops_ring, zin_academy, gammafunk_ghost_nasty_kobolds,
          chequers_serial_rivers_room_b
D:5:      layout_basic, lightli_temple_of_fire, mainiacjoe_overflow_chevrons,
          minmay_temple_entry_nine_rooms, serial_curves, eino_curves_02,
          eino_curves_04, minivault_11, uniq_sigmund
D:6:      layout_cave_pools, mainiacjoe_overflow_catwalk,
          lemuel_mausoleum_altar_kikubaaqudgha
D:7:      layout_basic, mainiacjoe_overflow_alcove_4, lemuel_doored_altar,
          nicolae_stop_n_shop_2, kennysheep_crisscross,
          kennysheep_generic_room_5
D:8:      layout_basic, nicolae_wu_jian_wuxing_cycle, erik_lair_orcish_takeover,
          minmay_strange_pillars, chequers_serial_rivers_large_a,
          grunt_decor_resistance, uniq_erica
D:9:      layout_irregular_city, mainiacjoe_overflow_concentric_impassable,
          nicolae_ru_path_of_blood, david_orc_2, amcnicky_mini_corridor_feature
D:10:     layout_basic, mainiacjoe_overflow_brackets,
          nicolae_qazlal_scattered_showers, hex_medium, st_stairs_11,
          minivault_5, dreamdust_gnoll_shepherd, uniq_fannar
D:11:     layout_long_grid, maelrawn_ghost_gauntlet_escape,
          minmay_fractal_squares_5
D:12:     layout_basic
D:13:     layout_cave_pools, david_vaults_2
Temple:   nicolae_temple_figure_zero
Lair:1:   layout_roguey, hibernation_bobbens, lemuel_fruit_tree,
          grunt_megastairs_3
Lair:2:   layout_misc_corridors, elwin_shoals_entry_rooms
Lair:3:   layout_regular_city, dummy_snake_entry, grunt_megastairs_4
Lair:4:   layout_long_grid, nicolae_lair_liquid_snakes
Lair:5:   grunt_lair_end_beastmaster, layout_gridlike, slime_entry_1,
          special_room [special_room_mythical_zoo], serial_bayou_pond_c,
          st_stairs_3, lemuel_old_faithful, grunt_megastairs_1
Orc:1:    layout_caves, serial_shops, shop_statue
Orc:2:    grunt_orc_community_town_hall, layout_caves,
          grunt_orc_community_big_house_2, grunt_orc_community_big_house_2,
          grunt_orc_community_house_3, grunt_orc_community_house_2,
          grunt_orc_community_house_3, grunt_orc_community_house_1,
          nicolae_shop_clearance

Skill      XL: |  1  2  3  4  5  6  7  8  9 10 11 12 13 14 |
---------------+-------------------------------------------+-----
Fighting       | 1 2 3 7 8 9 10 11 12 | 12.1
Spellcasting   | 3 4 5 8 9 10 12 13 14 | 14.1
Dodging        | 7 |  7.8
Staves         | 4 5 |  5.1
Evocations     | 3 4 |  4.5
Stealth        | 2 3 |  3.8
Shields        | 5 6 |  6.0
Armour         | 2 4 |  4.4

Action                   |  1- 3 |  4- 6 |  7- 9 | 10-12 | 13-15 || total
-------------------------+-------+-------+-------+-------+-------++-------
Melee: Dagger            |       |     7 |       |       |       ||     7
       Quarterstaff      |       |       |    27 |       |       ||    27
       Staff             |       |       |       |    55 |    25 ||    80
Throw: Dart              |       |       |       |     6 |     8 ||    14
 Cast: Foxfire           |    63 |   126 |    84 |   120 |    93 ||   486
       Scorch            |     3 |    18 |    31 |    57 |    73 ||   182
       Call Imp          |       |     4 |     1 |     8 |    16 ||    29
       Slow              |       |     4 |     1 |    12 |     3 ||    20
       Inner Flame       |       |     2 |     5 |    15 |    38 ||    60
       Kindle Blastspark |       |       |    17 |    26 |    40 ||    83
       Flame Wave        |       |       |     6 |     4 |    36 ||    46
       Tukima's Dance    |       |       |     1 |     8 |     2 ||    11
       Summon Ice Beast  |       |       |       |     7 |    21 ||    28
       Lightning Bolt    |       |       |       |       |    53 ||    53
       Ignite Poison     |       |       |       |       |     2 ||     2
Invok: Curse Item        |       |       |       |     2 |     6 ||     8
Evoke: Wand              |       |       |       |       |     2 ||     2
       Lightning rod     |       |       |       |       |     2 ||     2
  Use: Potion            |       |     1 |    10 |     7 |    13 ||    31
       Scroll            |       |       |    15 |     4 |     7 ||    26
 Stab: Distracted        |       |       |       |     1 |       ||     1
       Sleeping          |       |       |       |     1 |       ||     1
Armor: Robe              |     1 |    11 |    36 |    34 |       ||    82
       Skin              |       |       |    18 |       |     4 ||    22
       Leather armour    |       |       |       |    49 |   104 ||   153
Dodge: Dodged            |     3 |    27 |    75 |   116 |   198 ||   419
Block: Other             |       |       |       |    14 |       ||    14
       Kite shield       |       |       |       |    42 |   256 ||   298
       Reflection        |       |       |       |     2 |       ||     2

Table legend: (Time is in decaauts)
 A = Elapsed time spent in this place.
 B = Non-inter-level travel time spent in this place.
 C = Inter-level travel time spent in this place.
 D = Time resting spent in this place.
 E = Time spent auto-exploring this place.
 F = Levels seen in this place.
 G = Mean time per level.
                   A        B        C        D        E       F      G
               +--------+--------+--------+--------+--------+-----+--------+
         Total |  19978 |  18615 |   1363 |    659 |  14736 |  21 |  951.3 |
       Dungeon |  16277 |  15175 |   1102 |    639 |  12133 |  13 | 1252.1 |
        Temple |    161 |    135 |     26 |      0 |    123 |   1 |  161.0 |
          Lair |   2893 |   2677 |    216 |      0 |   2115 |   5 |  578.6 |
  Orcish Mines |    645 |    627 |     18 |     20 |    364 |   2 |  322.5 |
               +--------+--------+--------+--------+--------+-----+--------+

Top non-repeatable levels by time:
     D:8: 2220 daAuts
     D:6: 1832 daAuts
     D:4: 1593 daAuts
     D:1: 1404 daAuts
     D:5: 1402 daAuts
     D:2: 1304 daAuts
     D:7: 1294 daAuts
     D:3: 1182 daAuts
    D:11: 1155 daAuts
    D:10: 1053 daAuts
    D:12: 947 daAuts
     D:9: 835 daAuts
  Lair:1: 800 daAuts
  Lair:3: 777 daAuts
  Lair:4: 731 daAuts
